 Dungeon Crawl Stone Soup version 0.23-a0-350-g6fd5563 (webtiles) character file.

2408 tilp the Poker (level 9, -7/64 (66) HPs)
             Began as a Merfolk Ice Elementalist on Oct 20, 2018.
             Was a Follower of Makhleb.
             Killed from afar by an orc wizard (9 damage)
             ... with a puff of flame
             ... on level 7 of the Dungeon.
             The game lasted 00:23:28 (7799 turns).

tilp the Poker (Merfolk Ice Elementalist)           Turns: 7799, Time: 00:23:28

HP:   -7/64 (66)    AC: 12    Str: 11    XL:     9   Next: 47%
MP:   6/18          EV: 16    Int: 17    God:    Makhleb [*.....]
Gold: 203           SH:  0    Dex: 14    Spells: 14/20 levels left

rFire    . . .     SeeInvis .   b - +3 whip (drain)
rCold    . . .     Gourm    .   (no shield)
rNeg     . . .     Faith    .   a - +1 robe
rPois    .         Spirit   .   z - +1 hat
rElec    .         Reflect  .   (no cloak)
rCorr    .         Harm     .   B - +1 pair of gloves
MR       .....                  (no boots)
Stlth    ++........             (no amulet)
HPRegen  0.20/turn              s - +2 ring of strength
MPRegen  0.16/turn              (no ring)

@: icy armour, very slightly contaminated
A: change form in water, swift swim, stealthy swim
a: Renounce Religion


You were on level 7 of the Dungeon.
You worshipped Makhleb.
Makhleb was aware of your devotion.
You were very hungry.

You visited 2 branches of the dungeon, and saw 8 of its levels.
You also visited: Sewer.

You collected 413 gold pieces.
You spent 210 gold pieces at shops.

Inventory:

Hand Weapons
 b - a +3 whip of draining (weapon)
 f - a +4 trident of freezing
 v - a +0 spear
 w - a +2 short sword of electrocution
Missiles
 d - 8 tomahawks
 g - 4 javelins (quivered)
Armour
 a - a +1 robe (worn)
 z - a +1 hat (worn)
 B - a +1 pair of gloves (worn)
 E - a +0 helmet
Jewellery
 s - a +2 ring of strength (left hand)
Wands
 x - a wand of digging (1)
 C - a wand of disintegration (13)
Scrolls
 h - 2 scrolls of remove curse
 o - 5 scrolls of magic mapping
 p - 7 scrolls of teleportation
 r - 2 scrolls of fear
 t - 2 scrolls of enchant weapon
 y - 3 scrolls of fog
 A - a scroll of identify
Potions
 e - 5 potions of flight
 i - 7 potions of curing
 j - a potion of haste
 k - 2 potions of brilliance
 l - 3 potions of heal wounds
 m - a potion of berserk rage
 n - 5 potions of might
 q - a potion of magic
 u - 2 potions of ambrosia
 D - a potion of agility
 F - a potion of lignification
Comestibles
 c - 13 rations


   Skills:
 - Level 4.6 Fighting
 + Level 7.6 Polearms
 - Level 6.4 Dodging
 - Level 2.1 Stealth
 - Level 6.2 Spellcasting
 - Level 2.0 Conjurations
 - Level 4.0 Charms
 - Level 6.0 Ice Magic


You had 14 spell levels left.
You knew the following spells:

 Your Spells              Type           Power        Failure   Level  Hunger
a - Freeze                Ice            ####         1%          1    None
b - Throw Frost           Conj/Ice       ###...       3%          2    None
c - Ozocubu's Armour      Chrm/Ice       ###.....     4%          3    ##.....

Your spell library contained the following spells:

 Spells                   Type           Power        Failure   Level  Hunger
 Throw Icicle             Conj/Ice       ###.....     24%         4    ####...
 Summon Ice Beast         Ice/Summ       ###.....     36%         4    ####...


Dungeon Overview and Level Annotations

Branches:
Dungeon (7/15)             Temple (1/1) D:5

Altars:
Ashenzari
Cheibriados
Dithmenos
Elyvilon
Fedhas
Gozag
Hepliaklqana
Makhleb
Ru
Sif Muna
Uskayaw
Wu Jian
Xom
Zin
The Shining One

Shops:
D:4 ?

Annotations:
D:6 1 runed door, Grinder


Message History

Aim: an orc priest, wielding a +0 dagger and wearing a +0 leather armour The puff of frost hits the orc priest.
The orc priest is heavily wounded.
Something hits you but does no damage.
Casting: Throw Frost (safe; 3% risk of failure)
Confirm with . or Enter, or press ? or * to list all spells.
Aiming: Throw Frost (safe; 3% risk of failure)
Press: ? - help, Shift-Dir - straight line, f/p - orc priest
Aim: an orc priest, wielding a +0 dagger and wearing a +0 leather armour The puff of frost hits the orc priest.
The orc priest is almost dead.
The orc priest calls down the wrath of Beogh upon you.
Beogh smites you!
* * * LOW HITPOINT WARNING * * *
The orc wizard casts a spell.
The orc wizard blinks!
You hear some strange, mumbled words.
A puff of flame appears from out of thin air!
The puff of flame hits you!
You die...

#................
#...#####.#######
#.........#
#.#.#####.#####
#........#....#
###.#####.###)# #
#.# #.# #.# .#
#.# #.# #.# ##.
#.# #.# #@# ..
#.# #.###[##.#
### #.#
#.##.oo#.#....o
#. #....#§o.....#
####...#.###.#
##.o....
####..... .......
.....h.


You could see an orc priest, an orc wizard and 2 orcs.

Vanquished Creatures
  4 slaves (D:7)
  An orc warrior (D:6)
  An ice beast (D:6)
  3 sky beasts
  2 necrophages
  An ogre (D:4)
  A centaur (D:5)
  2 big kobolds (Sewer)
  2 bullfrogs (D:6)
  A wyvern skeleton (D:6)
  3 howler monkeys (D:7)
  2 crimson imps
  A hound (D:6)
  5 orc priests
  A bullfrog skeleton (D:4)
  Natasha (thrice) (D:4)
  2 iguanas (D:4)
  8 orc wizards
  7 worker ants
  A hound skeleton (D:4)
  4 gnolls
  10 adders
  2 river rats (D:3)
  A shadow imp (D:4)
  7 oozes
  An adder skeleton (D:6)
  2 worms (D:3)
  A dart slug (D:2)
  4 leopard geckos
  43 orcs
  4 ball pythons (Sewer)
  12 giant cockroaches
  9 goblins
  A hobgoblin (D:1)
  17 jackals
  2 quokkas (D:3)
  5 bats
  6 frilled lizards
  2 jackal skeletons
  15 kobolds
  A leopard gecko skeleton (D:4)
  A leopard gecko zombie (D:6)
  A quokka skeleton (D:6)
  13 rats
215 creatures vanquished.

Notes
Turn   | Place    | Note
-------+----------+-------------------------------------------
     0 | D:1      | tilp the Merfolk Ice Elementalist began the quest for the
                  | Orb.
     0 | D:1      | Reached XP level 1. HP: 13/13 MP: 3/3
   114 | D:1      | Reached XP level 2. HP: 16/19 MP: 5/5
   118 | D:1      | Learned a level 2 spell: Throw Frost
   593 | D:1      | Reached XP level 3. HP: 20/24 MP: 6/6
   598 | D:1      | Learned a level 3 spell: Ozocubu's Armour
   947 | D:2      | Reached skill level 5 in Ice Magic
  1093 | D:2      | Reached XP level 4. HP: 25/30 MP: 2/7
  1580 | D:2      | Found a hazy altar of Hepliaklqana.
  1580 | D:2      | Found an opulent altar of Gozag.
  1855 | D:3      | Reached XP level 5. HP: 10/36 MP: 0/8
  1909 | D:3      | Reached skill level 1 in Fighting
  1949 | D:3      | Found a white marble altar of Elyvilon.
  1949 | D:3      | Found a hide-covered altar of Uskayaw.
  1954 | D:3      | Found a blossoming altar of Fedhas.
  1956 | D:3      | Found a deep blue altar of Sif Muna.
  1957 | D:3      | Found a faded altar of an unknown god.
  2151 | D:3      | Found a glowing drain.
  2157 | Sewer    | Entered a sewer
  2322 | Sewer    | Noticed a big kobold
  2346 | Sewer    | Noticed a big kobold
  2485 | Sewer    | Killed a big kobold
  2485 | Sewer    | Reached XP level 6. HP: 48/48 MP: 0/9
  3323 | D:4      | Reached XP level 7. HP: 35/55 MP: 1/10
  3540 | D:4      | Reached skill level 5 in Dodging
  4074 | D:4      | Reached skill level 1 in Conjurations
  4310 | D:4      | Reached skill level 1 in Charms
  4692 | D:4      | Noticed Natasha
  4696 | D:4      | Killed Natasha
  4763 | D:4      | Noticed Natasha
  4774 | D:4      | Killed Natasha
  4774 | D:4      | Reached XP level 8. HP: 41/61 MP: 2/12
  4855 | D:4      | Found Xycu's Magic Scroll Shoppe.
  4863 | D:4      | Bought a scroll of fear for 49 gold pieces
  4863 | D:4      | Bought a scroll of remove curse for 42 gold pieces
  4863 | D:4      | Bought a scroll of teleportation for 42 gold pieces
  4863 | D:4      | Bought a scroll of magic mapping for 49 gold pieces
  4863 | D:4      | Bought a scroll of fog for 28 gold pieces
  5015 | D:4      | Noticed Natasha
  5023 | D:4      | Killed Natasha
  5085 | D:5      | Entered Level 5 of the Dungeon
  5868 | D:5      | Found a staircase to the Ecumenical Temple.
  5877 | Temple   | Entered the Ecumenical Temple
  5904 | Temple   | Became a worshipper of Makhleb the Destroyer
  6442 | D:6      | Reached skill level 5 in Spellcasting
  6671 | D:6      | Reached XP level 9. HP: 21/65 MP: 7/18
  6895 | D:6      | Reached skill level 1 in Polearms
  6931 | D:6      | Noticed Grinder
  7054 | D:6      | Reached skill level 3 in Polearms
  7164 | D:6      | Reached skill level 4 in Polearms
  7256 | D:6      | Reached skill level 5 in Polearms
  7270 | D:6      | Reached * piety under Makhleb
  7508 | D:6      | Found a white marble altar of Elyvilon.
  7509 | D:6      | Found a runed door.
  7509 | D:6      | Noticed an angel
  7627 | D:7      | Reached skill level 6 in Polearms
  7777 | D:7      | Reached skill level 7 in Polearms
  7799 | D:7      | HP: 2/64 [orc priest/divine providence (16)]
  7799 | D:7      | Killed from afar by an orc wizard

Vault maps used:
D:1:      psy_arrival_fountain, minmay_tromino_v7
D:2:      gammafunk_temple_overflow_wave, first_ration
D:3:      chequers_temple_overflow_minitemple, gup_sewer_entry_spiral
D:4:      serial_shops, shop_coins, serial_glass, glass_columns_a,
          glass_columns_a, glass_columns_a, glass_columns_a, glass_columns_a,
          glass_columns_a, glass_columns_a, glass_columns_b, uniq_natasha
D:5:      minmay_temple_entry_statues_fountains
D:6:      lemuel_angel_altar, uniq_grinder
D:7:      kennysheep_orc_sif_temple, uniq_pikel
Temple:   eino_temple_rhombus
Sewer:    sewer_co_15_rooms

Skill      XL: |  1  2  3  4  5  6  7  8  9 |
---------------+----------------------------+-----
Ice Magic      | 4 5 6 |  6.0
Fighting       | 3 4 |  4.6
Dodging        | 4 6 |  6.4
Conjurations   | 2 |  2.0
Charms         | 2 4 |  4.0
Spellcasting   | 6 |  6.2
Polearms       | 7 |  7.6
Stealth        | |  2.1

Action                   |  1- 3 |  4- 6 |  7- 9 || total
-------------------------+-------+-------+-------++-------
Melee: Whip              |    79 |   174 |   368 ||   621
       Tailslap          |       |     3 |       ||     3
Throw: Javelin           |       |     1 |     4 ||     5
 Cast: Freeze            |     8 |    41 |    61 ||   110
       Ozocubu's Armour  |       |     5 |    26 ||    31
       Throw Frost       |       |     6 |    20 ||    26
  Use: Scroll            |       |     6 |     7 ||    13
 Stab: Sleeping          |     3 |    10 |     4 ||    17
  Eat: Chunk             |     1 |     9 |    17 ||    27
Armor: Robe              |    18 |    33 |    76 ||   127
Dodge: Dodged            |    67 |   162 |   336 ||   565

Table legend:
 A = Non-vault XP
 B = Vault XP
 C = Vault XP percentage of total XP
 D = Non-vault monster count
 E = Vault monster count
 F = Vault count percentage of total count
                 A         B        C        D         E       F
            +---------+---------+-------+---------+---------+-------
      Total |    3075 |     366 |  10.6 |     176 |      35 |  16.6
            +---------+---------+-------+---------+---------+-------
        D:1 |      38 |       5 |  11.6 |      21 |       4 |  16.0
        D:2 |      47 |       0 |   0.0 |      15 |       0 |   0.0
        D:3 |     209 |      40 |  16.1 |      47 |       8 |  14.5
        D:4 |     643 |      36 |   5.3 |      32 |       1 |   3.0
        D:5 |     495 |       0 |   0.0 |      14 |       0 |   0.0
        D:6 |    1186 |       0 |   0.0 |      38 |       0 |   0.0
        D:7 |     457 |       0 |   0.0 |       9 |       0 |   0.0
      Sewer |       0 |     285 | 100.0 |       0 |      22 | 100.0
            +---------+---------+-------+---------+---------+-------
